 Dungeon Crawl Stone Soup version 0.25.1-11-g244df3a29b (webtiles) character file.

Game seed: 1732660286056987562

283459 DeepDeath the Markscentaur (level 19, 0/265 HPs)
             Began as a Centaur Berserker on Feb 19, 2024.
             Was an Elder of Trog.
             Killed from afar by a naga mage (1 damage)
             ... with a splash of poison
             ... on level 2 of the Snake Pit on Feb 22, 2024.
             The game lasted 03:28:05 (48615 turns).

DeepDeath the Markscentaur (Centaur Berserker)     Turns: 48615, Time: 03:28:05

Health: 0/265      AC: 19    Str: 28    XL:     19   Next: 76%
Magic:  22/22      EV: 12    Int: 11    God:    Trog [****..]
Gold:   555        SH:  0    Dex: 16    Spells: 18/18 levels left

rFire    + . .     SeeInvis +   v - +2 war axe (vamp)
rCold    + . .     Gourm    .   (no shield)
rNeg     + . .     Faith    .   Q - +5 scale mail {rN+}
rPois    +         Spirit   .   O - +0 mask of the Dragon {MR+ Slay+3 SInv}
rElec    .         Reflect  .   s - scarf {rC+ rF+}
rCorr    .         Harm     .   g - +0 pair of gloves
MR       ++...                  (no barding)
Stlth    ..........             F - amulet of Asopriv {rC- Regen+ Str+4 Int+2 Dex+3}
HPRegen  0.94/turn              H - +4 ring of protection
MPRegen  0.18/turn              M - ring "Losu" {rPois rC+ Str+2 Int+3 Dex-2}

@: berserking (expiring), lethally poisoned (0 -> -20), starving, constricted,
very quick
A: large, hooves 3, deformed body, speed 2, tough skin 3
}: 2/15 runes: decaying, serpentine
a: Berserk, Trog's Hand, Brothers in Arms, Renounce Religion


You were on level 2 of the Snake Pit.
You worshipped Trog.
Trog was greatly pleased with you.
You were starving.

You visited 6 branches of the dungeon, and saw 32 of its levels.
You visited 1 bazaar.
You also visited: Bailey, Gauntlet and Volcano.

You collected 3432 gold pieces.
You spent 2877 gold pieces at shops.

Inventory:

Hand Weapons
 d - the +3 hand axe "Efeaqyn" {holy, rElec Dex+4 Stlth+}
   (You bought it in a shop on level 2 of the Orcish Mines)

   It has been blessed by the Shining One to cause great damage to the undead
   and demons.
   It affects your dexterity (+4).
   It insulates you from electricity.
   It makes you more stealthy.
 e - a +4 spear of freezing
 q - a +7 longbow of flaming
 r - the +7 glaive "Geesient" {vorpal, rElec rC- Str+3}
   (Trog gifted it to you on level 13 of the Dungeon)

   It inflicts extra damage upon your enemies.
   It affects your strength (+3).
   It makes you vulnerable to cold.
   It insulates you from electricity.
 v - a +2 vampiric war axe (weapon)
 w - a +3 halberd of venom
Missiles
 x - 313 arrows
 J - 36 javelins (quivered)
 N - 2 throwing nets
 S - 4 boomerangs of dispersal
 Z - 3 curare-tipped darts
Armour
 g - a +0 pair of gloves (worn)
 s - a scarf of resistance (worn)
 O - the +0 mask of the Dragon (worn) {MR+ Slay+3 SInv}
   (You bought it in a shop on level 2 of the Snake Pit)

   It affects your accuracy and damage with ranged weapons and melee attacks
   (+3).
   It affects your resistance to hostile enchantments.
   It lets you see invisible.
 P - a +2 chain mail of fire resistance
 Q - a +5 scale mail of positive energy (worn)
Jewellery
 l - an uncursed amulet of reflection
 z - an uncursed ring of resist corrosion
 F - the amulet of Asopriv (around neck) {rC- Regen+ Str+4 Int+2 Dex+3}
   (You found it in a Gauntlet)

   [amulet of regeneration]

   It affects your strength (+4).
   It affects your intelligence (+2).
   It affects your dexterity (+3).
   It makes you vulnerable to cold.
   It increases your rate of regeneration.
 H - a +4 ring of protection (left hand)
 M - the ring "Losu" (right hand) {rPois rC+ Str+2 Int+3 Dex-2}
   (You acquired it on level 14 of the Dungeon)

   [ring of protection from cold]

   It affects your strength (+2).
   It affects your intelligence (+3).
   It affects your dexterity (-2).
   It protects you from cold.
   It protects you from poison.
Wands
 m - a wand of iceblast (21)
 y - a wand of disintegration (37)
 C - a wand of clouds (12)
 G - a wand of digging (8)
 L - a wand of paralysis (25)
 W - a wand of acid (6)
 X - a wand of enslavement (20)
Scrolls
 a - 2 scrolls of blinking
 i - 8 scrolls of teleportation
 j - 10 scrolls of remove curse
 k - a scroll of silence
 n - 6 scrolls of identify
 p - 2 scrolls of fear
 u - 2 scrolls of summoning
 A - 4 scrolls of enchant armour
 V - 2 scrolls of magic mapping
 Y - 2 scrolls of fog
Potions
 c - 2 potions of curing
 h - a potion of haste
 t - 3 potions of berserk rage
 E - 13 potions of flight
 I - 4 potions of stabbing
 K - 2 potions of ambrosia
 U - a potion of resistance
Miscellaneous
 o - a lightning rod (4/4)
 D - 3 phantom mirrors
Comestibles
 f - 32 rations


   Skills:
 + Level 17.2 Fighting
 - Level 8.0(13.6) Axes
 - Level 17.2(18.0) Polearms
   Level 5.3(12.6) Staves
 * Level 18.6 Bows
 - Level 6.0 Throwing
 - Level 12.0 Armour
 - Level 10.0 Dodging
 - Level 2.0 Stealth
 - Level 4.0 Evocations


You had 18 spell levels left.
You didn't know any spells.
Your spell library was empty.

Dungeon Overview and Level Annotations

Branches:
Dungeon (15/15)            Temple (1/1) D:5            Lair (6/6) D:8
  Swamp (4/4) Lair:3        Snake (4/4) Lair:4        Slime (0/5) Lair:5
    Orc (2/2) D:9             Elf (0/3) Orc:2        Vaults (0/5) D:13
 Depths (0/5) D:15         Bailey (visited)         Volcano (visited)
Gauntlet (visited)

Altars:
Ashenzari
Cheibriados
Dithmenos
Elyvilon
Fedhas
Gozag
Hepliaklqana
Kikubaaqudgha
Makhleb
Nemelex Xobeh
Okawaru
Qazlal
Ru
Sif Muna
Trog
Uskayaw
Vehumet
Wu Jian
Xom
Yredelemnul
Zin
The Shining One
Jiyva

Shops:
D:5 }   D:13 *   Orc:2 (**:   Snake:2 [==


Innate Abilities, Weirdness & Mutations

You have hooves in place of feet.
Armour fits poorly on your strangely shaped body.
You cover ground very quickly.
You have extremely tough skin. (AC +3)


Message History

The naga mage spits poison at you. The splash of poison hits you. You resist.
* * * LOW HITPOINT WARNING * * *
You feel a strong urge to attack something.
* * * LOW HITPOINT WARNING * * *
You feel sick.
The nagaraja points at you and mumbles some strange words.
You resist with almost no effort. The naga mage closely misses you.
Things that are here:
a +0 club; a +0 robe; a naga corpse You closely miss the naga mage.
You kick the naga mage!
The naga mage is severely wounded.
* * * LOW HITPOINT WARNING * * *
You feel sick. The naga mage barely misses you. The naga mage grabs you.
The naga mage constricts you.
The nagaraja hits you from afar with a +0 spear!
* * * LOW HITPOINT WARNING * * *
The naga mage spits poison at you. The splash of poison hits you. You resist.
You die...

##...#⌠..##.##N##...N..##
##..#....N.N.....###N...
#..#8...8#...####.....#
#..###'####)##⌠...#####
#....#::⌠#8).#.....8.8.
#...©#=[_#©..'.....N...
##...#NN⌠#8..#.....8.8N
#[###)####'##⌠...#####
#.#8N@.8#...####.....#
#.#.......N....###.NS.
#.#⌠..##.##.##......##
#.#................ #.
#.#8..#.#.#.#.#.#. ...
#.####################
#.(...................
##########..#######.#.
#..# #.#.


You could see 2 nagarajas and 2 naga magi.

Vanquished Creatures
  Saint Roka (Snake:4)
  A tentacled monstrosity (Swamp:4)
  Frances (D:11)
  Kirke (D:13)
  A thorn hunter (Swamp:3)
  The ghost of zeroc00l the Grappler, an adept TrTm of Makhleb (Snake:2)
  A fire giant (D:15)
  17 nagarajas
  Aizul (Snake:3)
  A very ugly thing (Swamp:4)
  The ghost of teolandon225 the Fighter, a journeyman MiGl of Wu Jian (Lair:6)
  A minotaur (Gauntlet)
  A fire dragon (Lair:6)
  Josephine (Lair:6)
  2 green deaths (Swamp:4)
  The ghost of Kikhogo the Archer, a journeyman CeHu of Okawaru (D:13)
  Harold (D:7)
  21 hydras
  14 naga warriors
  4 vault guards (D:13)
  11 anacondas
  A shambling mangrove (Swamp:2)
  3 centaur warriors
  An ogre mage (Volcano)
  6 two-headed ogres
  Erica (D:9)
  3 orc high priests (Orc:2)
  17 alligators
  5 death yaks (Lair:1)
  15 naga sharpshooters
  A thrashing horror (Swamp:4)
  A shock serpent (Snake:2)
  A hell knight (Volcano)
  Urug (D:12)
  Nergalle (Lair:1)
  4 salamander mystics
  2 large abominations (Swamp:4)
  A wizard (D:15)
  3 naga ritualists
  3 spriggan druids
  An unseen horror (D:15)
  Pikel (D:7)
  A necromancer (Lair:6)
  A deep elf archer (D:13)
  14 swamp dragons
  A deep elf mage (D:13)
  3 lindwurms
  5 orc knights
  31 ugly things
  6 mana vipers
  12 salamanders
  5 oklob plants
  10 orc sorcerers
  2 manticores
  7 cyclopes
  17 naga magi
  6 elephants (Lair:5)
  3 molten gargoyles (Lair:6)
  A torpor snail (Lair:4)
  5 guardian serpents
  32 black mambas
  Joseph (D:7)
  16 spiny frogs
  A rust devil (Gauntlet)
  A gargoyle (D:13)
  A rime drake (Lair:4)
  An efreet (D:13)
  2 kobold demonologists
  An ice devil (Gauntlet)
  6 komodo dragons
  12 trolls
  The ghost of arnso the Chopper, an amateur HOFi of Makhleb (D:5)
  The ghost of Nolbo the Skirmisher, an amateur FoAK of Lugonu (D:3)
  12 tyrant leeches
  7 hornets
  5 polar bears
  13 bog bodies
  26 slime creatures
  16 blink frogs
  14 dream sheep
  9 hippogriffs
  A spriggan (shapeshifter) (D:15)
  3 spriggans (Swamp:1)
  6 shadows
  9 wyverns
  50 yaks
  8 wraiths
  A ynoxinul (Gauntlet)
  7 basilisks
  9 fire bats (Volcano)
  Grum (D:8)
  A small abomination (Swamp:4)
  32 vampire mosquitoes
  5 hogs (D:13)
  2 steam dragons
  3 hungry ghosts
  14 swamp worms
  5 wargs
  16 insubstantial wisps
  46 nagas
  6 acid dragons
  9 water moccasins
  3 hell hounds (Lair:6)
  10 porcupines
  6 swamp drakes
  4 sky beasts
  8 black bears
  34 orc warriors
  A slave (D:7)
  3 phantoms
  5 ice beasts
  11 ogres
  2 necrophages
  4 centaurs
  An eye of draining (D:9)
  20 wolves
  10 crocodiles
  5 big kobolds
  A gnoll sergeant (D:13)
  20 bullfrogs
  3 wyvern skeletons
  A water moccasin zombie (D:7)
  5 scorpions
  8 wights
  5 killer bees
  3 electric eels (D:8)
  13 lava snakes
  9 crimson imps
  6 centaur zombies
  5 bullfrog zombies
  9 hounds
  5 jellies
  2 centaur skeletons
  9 orc priests
  Crazy Yiuf (D:7)
  4 bullfrog skeletons
  25 orc wizards
  3 iron imps (Gauntlet)
  9 iguanas
  3 yak simulacra (Lair:6)
  2 polar bear simulacra (Lair:6)
  8 worker ants
  A killer bee zombie (D:5)
  A wolf simulacrum (Lair:6)
  A worker ant zombie (D:6)
  20 gnolls
  A howler monkey skeleton (D:3)
  6 adders
  4 shadow imps
  3 white imps (Gauntlet)
  7 oozes (D:2)
  6 adder skeletons
  An adder zombie (D:3)
  A worm (D:2)
  A dart slug (D:3)
  3 leopard geckos
  79 orcs
  6 giant cockroaches
  9 goblins
  5 hobgoblins
  2 jackals (D:7)
  6 quokkas
  8 bats
  3 frilled lizards
  A jackal zombie (D:7)
  26 kobolds
  2 leopard gecko skeletons (D:5)
  A leopard gecko zombie (D:5)
  6 rats
  5 river rat simulacra (Lair:6)
  A bush (Lair:2)
  A fungus (Lair:6)
  8 plants
1209 creatures vanquished.

Vanquished Creatures (collateral kills)
  Mara (Snake:4)
  Vashnia (Snake:3)
  A nagaraja (Snake:2)
  2 naga warriors (Snake:1)
  7 naga sharpshooters
  2 orc knights (Orc:2)
  A mana viper (Snake:1)
  A naga mage (Snake:2)
  A black mamba (Snake:1)
  A guardian serpent (Snake:1)
  5 slime creatures (Swamp:4)
  6 nagas (Snake:1)
  2 orc wizards (Orc:2)
31 creatures vanquished.

Vanquished Creatures (others)
  4 killer bees (D:13)
  An iguana (D:13)
  An adder zombie (D:8)
  10 fungi
  12 plants
  15 toadstools
43 creatures vanquished.

Grand Total: 1283 creatures vanquished

Notes
Turn   | Place    | Note
-------+----------+-------------------------------------------
     0 | D:1      | DeepDeath the Centaur Berserker began the quest for the
                  | Orb.
     0 | D:1      | Reached XP level 1. HP: 19/19 MP: 1/1
   196 | D:1      | Reached XP level 2. HP: 26/26 MP: 2/2
   847 | D:2      | Reached XP level 3. HP: 31/31 MP: 3/3
   908 | D:2      | Reached ** piety under Trog
   915 | D:2      | Reached XP level 4. HP: 27/38 MP: 4/4
  1037 | D:2      | Reached skill level 5 in Polearms
  1150 | D:2      | Reached XP level 5. HP: 30/45 MP: 5/5
  1519 | D:2      | Found a radiant altar of Vehumet.
  1520 | D:2      | Found a burning altar of Makhleb.
  1884 | D:3      | Noticed a phantom
  1892 | D:3      | Found a transporter.
  1892 | D:3      | Noticed Nolbo's ghost (amateur FoAK)
  1940 | D:3      | Found a transporter.
  2839 | D:4      | Reached skill level 1 in Throwing
  3330 | D:5      | Entered Level 5 of the Dungeon
  3334 | D:5      | Noticed a centaur
  3336 | D:5      | Reached XP level 6. HP: 42/51 MP: 6/6
  3393 | D:5      | Found a transporter.
  3415 | D:5      | Found Taffowosh's Gadget Shop.
  3443 | D:5      | Found a transporter.
  3447 | D:5      | Noticed arnso's ghost (amateur HOFi)
  3449 | D:5      | Noticed a sky beast
  3450 | D:5      | Reached XP level 7. HP: 30/57 MP: 7/7
  3579 | D:5      | Bought a wand of iceblast (13) for 204 gold pieces
  3863 | D:5      | Found a staircase to the Ecumenical Temple.
  4151 | D:6      | Reached skill level 1 in Bows
  4237 | D:6      | Reached skill level 1 in Evocations
  4242 | D:5      | Reached skill level 2 in Bows
  4403 | D:5      | Reached XP level 8. HP: 35/62 MP: 8/8
  4691 | D:5      | Reached *** piety under Trog
  4982 | D:6      | Reached skill level 3 in Bows
  5221 | D:7      | Noticed Joseph
  5238 | D:7      | Killed Joseph
  5448 | D:7      | Reached XP level 9. HP: 49/69 MP: 10/10
  5586 | D:7      | Noticed Pikel
  5607 | D:7      | Killed Pikel
  5607 | D:7      | Reached skill level 4 in Bows
  5746 | D:7      | Noticed Harold
  5764 | D:7      | Killed Harold
  5793 | D:7      | Found a runed translucent door.
  5794 | D:7      | Noticed Crazy Yiuf
  5872 | D:7      | Reached skill level 5 in Bows
  6044 | D:7      | Killed Crazy Yiuf
  6188 | D:8      | Reached skill level 5 in Throwing
  6242 | D:8      | Reached XP level 10. HP: 79/79 MP: 11/11
  6251 | D:8      | Noticed Grum
  6294 | D:8      | Reached **** piety under Trog
  6316 | D:8      | Killed Grum
  6455 | D:8      | Found a staircase to the Lair.
  6474 | D:8      | Reached skill level 10 in Polearms
  7059 | D:8      | Got a crude scimitar
  7098 | D:8      | Found a shadowy altar of Dithmenos.
  7099 | D:8      | Found a stormy altar of Qazlal.
  7651 | D:9      | Reached skill level 6 in Bows
  7744 | D:9      | Reached skill level 5 in Fighting
  7856 | D:9      | Noticed a two-headed ogre
  7884 | D:9      | Killed a two-headed ogre
  8028 | D:9      | Reached XP level 11. HP: 81/86 MP: 13/13
  8181 | D:9      | Reached skill level 7 in Bows
  8227 | D:9      | Noticed Erica
  8244 | D:9      | Killed Erica
  8604 | D:9      | Found a staircase to the Orcish Mines.
  8694 | D:10     | Entered Level 10 of the Dungeon
  8771 | D:10     | Reached skill level 5 in Dodging
  8846 | D:10     | Reached skill level 5 in Armour
  9178 | D:10     | Noticed a two-headed ogre
  9200 | D:10     | Killed a two-headed ogre
  9200 | D:10     | Reached skill level 8 in Bows
  9796 | D:5      | Bought a wand of clouds (5) for 324 gold pieces
  9882 | D:3      | Killed Nolbo's ghost
 10040 | Lair:1   | Entered Level 1 of the Lair of Beasts
 10230 | Lair:1   | Noticed a death yak
 10231 | Lair:1   | Noticed a death yak
 10232 | Lair:1   | Noticed a death yak
 10232 | Lair:1   | Noticed a death yak
 10232 | Lair:1   | Noticed a death yak
 10289 | Lair:1   | Killed a death yak
 10296 | Lair:1   | Killed a death yak
 10299 | Lair:1   | Killed a death yak
 10304 | Lair:1   | Killed a death yak
 10333 | Lair:1   | Killed a death yak
 10333 | Lair:1   | Reached XP level 12. HP: 50/94 MP: 14/14
 10480 | Lair:1   | Noticed Nergalle
 10495 | Lair:1   | Killed Nergalle
 10687 | Lair:1   | Got a scorched ring mail
 10847 | Lair:1   | Reached skill level 9 in Bows
 10941 | Lair:1   | Identified the +1 ring mail of the Wumpus {rElec Str+4}
                  | (You found it on level 1 of the Lair of Beasts)
 11599 | Lair:2   | Noticed an eight-headed hydra
 11637 | Lair:2   | Killed an eight-headed hydra
 12711 | Lair:3   | Noticed a five-headed hydra
 12751 | Lair:2   | Killed a five-headed hydra
 12962 | Lair:3   | Reached ***** piety under Trog
 13598 | Lair:3   | Reached skill level 10 in Bows
 14399 | Lair:3   | Noticed a five-headed hydra
 14399 | Lair:3   | Noticed an eight-headed hydra
 14410 | Lair:3   | Killed an eight-headed hydra
 14410 | Lair:3   | Reached XP level 13. HP: 83/105 MP: 16/16
 14574 | Lair:3   | Found a staircase to the Swamp.
 15479 | Lair:4   | Found a staircase to the Snake Pit.
 15558 | Lair:4   | Reached skill level 11 in Bows
 16013 | Lair:5   | Found a viscous altar of Jiyva.
 16013 | Lair:5   | Found a staircase to the Slime Pits.
 16195 | Lair:5   | Reached skill level 12 in Bows
 16406 | Lair:5   | You fall into a shaft and drop 1 floor!
 16406 | Lair:6   | Entered Level 6 of the Lair of Beasts
 16408 | Lair:6   | Noticed Josephine
 16697 | Lair:6   | Noticed teolandon225's ghost (journeyman MiGl)
 16748 | Lair:6   | Reached skill level 13 in Bows
 16815 | Lair:6   | Received a gift from Trog
 16929 | Lair:6   | Reached skill level 14 in Bows
 17657 | Lair:5   | Reached skill level 1 in Stealth
 18832 | Orc:1    | Entered Level 1 of the Orcish Mines
 18891 | Orc:1    | Reached skill level 1 in Staves
 18910 | Orc:1    | Found a flagged portal.
 18941 | Bailey   | Entered a bailey
 19171 | Bailey   | Reached XP level 14. HP: 113/113 MP: 17/17
 20135 | Bailey   | Received a gift from Trog
 20825 | Orc:2    | Entered Level 2 of the Orcish Mines
 20840 | Orc:2    | Found a staircase to the Elven Halls.
 20934 | Orc:2    | Found a dark tunnel.
 20950 | Volcano  | Entered a volcano
 21556 | Volcano  | Found a bloodstained altar of Trog.
 23284 | Orc:2    | Received a gift from Trog
 23316 | Orc:2    | Found Hehasoa's Book Shop.
 23316 | Orc:2    | Found Xiawaneg's General Store.
 23318 | Orc:2    | Found Aniogiti's Antique Weapon Shoppe.
 23324 | Orc:2    | Found Rosih's General Store.
 23328 | Orc:2    | Bought 13 arrows for 33 gold pieces
 23328 | Orc:2    | Bought a scroll of identify for 26 gold pieces
 23338 | Orc:2    | Bought a scroll of identify for 24 gold pieces
 23420 | Orc:2    | Bought an ebony hand axe for 216 gold pieces
 23421 | Orc:2    | Identified the cursed +3 hand axe "Efeaqyn" {holy, rElec
                  | Dex+4 Stlth+} (You bought it in a shop on level 2 of the
                  | Orcish Mines)
 23423 | Orc:2    | Bought a runed quarterstaff for 189 gold pieces
 23436 | Orc:2    | Bought a potion of heal wounds for 65 gold pieces
 23446 | Orc:2    | Bought a wand of iceblast (6) for 120 gold pieces
 23462 | Orc:2    | Bought a scroll of enchant weapon for 90 gold pieces
 23755 | D:11     | Found a shadowy altar of Dithmenos.
 23938 | D:11     | Reached skill level 1 in Axes
 24930 | D:12     | Reached skill level 10 in Fighting
 25245 | D:12     | Noticed Frances
 25272 | D:11     | Killed Frances
 25983 | D:12     | Noticed Urug
 25986 | D:12     | Killed Urug
 26028 | D:13     | Found a gate leading to a gauntlet.
 26038 | Gauntlet | Entered a Gauntlet
 26038 | Gauntlet | Found a transporter.
 26038 | Gauntlet | Found a transporter.
 26038 | Gauntlet | Found a transporter.
 26058 | Gauntlet | Found a transporter.
 26075 | Gauntlet | Found a transporter.
 26099 | Gauntlet | Found a transporter.
 26107 | Gauntlet | Found a transporter.
 26109 | Gauntlet | Found a large runed translucent door.
 26109 | Gauntlet | Found a transporter.
 26110 | Gauntlet | Found a large runed translucent door.
 26111 | Gauntlet | Found a large runed translucent door.
 26111 | Gauntlet | Found a large runed translucent door.
 26111 | Gauntlet | Found a large runed translucent door.
 26112 | Gauntlet | Found a runed translucent door.
 26113 | Gauntlet | Found a transporter.
 26114 | Gauntlet | Found a runed translucent door.
 26156 | Gauntlet | Found a transporter.
 26173 | Gauntlet | Found a large runed translucent door.
 26174 | Gauntlet | Found a large runed translucent door.
 26175 | Gauntlet | Found a large runed translucent door.
 26175 | Gauntlet | Found a large runed translucent door.
 26176 | Gauntlet | Found a large runed translucent door.
 26177 | Gauntlet | Found a large runed translucent door.
 26178 | Gauntlet | Found a large runed translucent door.
 26178 | Gauntlet | Found a large runed translucent door.
 26179 | Gauntlet | Found a runed translucent gate.
 26179 | Gauntlet | Found a runed translucent gate.
 26179 | Gauntlet | Found a runed translucent gate.
 26181 | Gauntlet | Found a transporter.
 26190 | Gauntlet | Found a large runed translucent door.
 26191 | Gauntlet | Found a large runed translucent door.
 26192 | Gauntlet | Found a large runed translucent door.
 26202 | Gauntlet | Found a transporter.
 26250 | Gauntlet | Paralysed by a hornet for 1 turns
 26333 | Gauntlet | Received a gift from Trog
 26365 | Gauntlet | Got a warped bone amulet
 26368 | Gauntlet | Identified the amulet of Asopriv {rC- Regen+ Str+4 Int+2
                  | Dex+3} (You found it in a Gauntlet)
 26794 | Gauntlet | Got an ancient whip
 26846 | Gauntlet | Identified the +8 whip of Boyliut {protect, Str+2 Int+3}
                  | (You found it in a Gauntlet)
 26877 | D:13     | Found a flickering gateway to a bazaar.
 26887 | Bazaar   | Entered a bazaar
 26887 | Bazaar   | Found Tyemippy's Gadget Shoppe.
 26887 | Bazaar   | Found Gyawn's General Store.
 26888 | Bazaar   | Found Amowot's Assorted Antiques.
 26888 | Bazaar   | Found Joag's Magic Scroll Emporium.
 26957 | Bazaar   | Bought a potion of flight for 18 gold pieces
 26963 | Bazaar   | Bought a scroll of blinking for 60 gold pieces
 26963 | Bazaar   | Bought a scroll of identify for 16 gold pieces
 26963 | Bazaar   | Bought a scroll of identify for 16 gold pieces
 26963 | Bazaar   | Bought a scroll of enchant armour for 60 gold pieces
 26963 | Bazaar   | Bought a scroll of enchant armour for 60 gold pieces
 26967 | Bazaar   | Bought a scroll of identify for 42 gold pieces
 26967 | Bazaar   | Bought a purple potion for 18 gold pieces
 26967 | Bazaar   | Bought a potion of curing for 63 gold pieces
 26967 | Bazaar   | Bought a potion of might for 84 gold pieces
 26987 | Bazaar   | Bought a scroll of fog for 16 gold pieces
 26998 | Bazaar   | Bought a +1 vorpal executioner's axe for 132 gold pieces
 27605 | Lair:6   | Reached XP level 15. HP: 121/129 MP: 18/18
 27759 | Lair:6   | Killed Josephine
 27989 | Lair:6   | Found a transporter.
 27999 | Lair:6   | Found a transporter.
 28071 | Lair:6   | Found a large runed translucent door.
 28072 | Lair:6   | Found a large runed translucent door.
 29563 | D:13     | Noticed Kirke
 29577 | D:13     | Received a gift from Trog
 29607 | D:13     | Killed Kirke
 29809 | D:13     | Got a dazzling glaive {god gift}
 29812 | D:13     | Identified the +7 glaive "Geesient" {vorpal, rElec rC-
                  | Str+3} (Trog gifted it to you on level 13 of the Dungeon)
 30088 | D:13     | Found a runed translucent door.
 30094 | D:13     | Noticed Kikhogo's ghost (journeyman CeHu)
 30138 | D:13     | Found Qolirphu's General Store.
 30143 | D:13     | Bought a scroll of identify for 26 gold pieces
 31077 | D:13     | Found a gate to the Vaults.
 31319 | D:14     | Found a sacrificial altar of Ru.
 31825 | D:14     | Reached skill level 5 in Axes
 31843 | D:14     | Reached skill level 10 in Armour
 32918 | D:15     | Entered Level 15 of the Dungeon
 33142 | D:15     | Received a gift from Trog
 33185 | D:15     | Found a staircase to the Depths.
 33185 | D:15     | Noticed a fire giant
 33220 | D:15     | Killed a fire giant
 33230 | D:15     | Reached skill level 5 in Staves
 33230 | D:15     | Reached XP level 16. HP: 146/146 MP: 19/19
 33586 | D:15     | Found a radiant altar of Vehumet.
 33638 | D:14     | Identified a scroll of acquirement
 33641 | D:14     | Acquired the ring "Losu" {rPois rC+ Str+2 Int+3 Dex-2}
 34984 | Lair:6   | Killed teolandon225's ghost
 34987 | Lair:6   | Reached skill level 15 in Fighting
 35021 | Lair:6   | Reached XP level 17. HP: 131/156 MP: 20/20
 35314 | D:5      | Killed arnso's ghost
 35397 | Temple   | Entered the Ecumenical Temple
 35604 | D:13     | Killed Kikhogo's ghost
 35903 | Swamp:1  | Entered Level 1 of the Swamp
 36084 | Swamp:1  | Paralysed by a hornet for 3 turns
 37007 | Swamp:2  | Reached skill level 15 in Bows
 37299 | Swamp:2  | Got a slimy chain mail
 37307 | Swamp:2  | Identified the +5 chain mail of Valiance {Regen+} (You
                  | found it on level 2 of the Swamp)
 37595 | Swamp:1  | Reached ****** piety under Trog
 37597 | Swamp:1  | Received a gift from Trog
 37954 | Swamp:2  | Found a white marble altar of Elyvilon.
 38973 | Swamp:3  | Reached skill level 16 in Bows
 39402 | Swamp:4  | Entered Level 4 of the Swamp
 40164 | Swamp:4  | Reached XP level 18. HP: 164/166 MP: 21/21
 40409 | Swamp:4  | Got a translucent great mace
 40410 | Swamp:4  | Identified the +7 great mace of a bailey {antimagic, rElec
                  | MR+} (You found it on level 4 of the Swamp)
 40622 | Swamp:4  | Noticed a tentacled monstrosity
 40635 | Swamp:4  | Killed a tentacled monstrosity
 40683 | Swamp:4  | Got a decaying rune of Zot
 41173 | Snake:1  | Entered Level 1 of the Snake Pit
 41196 | Snake:1  | Received a gift from Trog
 41204 | Snake:1  | HP: 6/166 [naga sharpshooter/bolt (25)]
 41300 | Snake:1  | Got a crude quarterstaff {god gift}
 41301 | Snake:1  | Identified the +1 quarterstaff of the Pill Bug {flame,
                  | Str+3} (Trog gifted it to you on level 1 of the Snake Pit)
 41770 | Snake:1  | Reached skill level 15 in Polearms
 42139 | Snake:2  | Found Vappuock's Jewellery Emporium.
 42151 | Snake:2  | Reached skill level 17 in Bows
 42376 | Snake:2  | Found a shimmering blue altar of Sif Muna.
 42380 | Snake:2  | Found a transporter.
 42382 | Snake:2  | Found the ring of Phasing {EV+8}
 42459 | Snake:2  | Received a gift from Trog
 42459 | Snake:2  | Reached skill level 10 in Dodging
 42733 | Snake:2  | Found a runed translucent door.
 42743 | Snake:2  | Noticed zeroc00l's ghost (adept TrTm)
 42962 | Snake:2  | Found Iplithros's Antique Armour Boutique.
 42970 | Snake:2  | Bought the +0 mask of the Dragon {MR+ Slay+3 SInv} for 768
                  | gold pieces
 42970 | Snake:2  | Found the +0 mask of the Dragon {MR+ Slay+3 SInv}
 42980 | Snake:2  | Found Udghiteakk's Jewellery Boutique.
 42983 | Snake:2  | Bought a jet-studded ring mail for 207 gold pieces
 42985 | Snake:2  | Identified the +1 ring mail "Qyeq" {*Contam rPois MR+
                  | Slay+5} (You bought it in a shop on level 2 of the Snake
                  | Pit)
 43707 | Snake:3  | Found a snail-covered altar of Cheibriados.
 43924 | Snake:3  | Received a gift from Trog
 43946 | Snake:3  | Noticed Aizul
 43975 | Snake:3  | Killed Aizul
 44168 | Snake:3  | Noticed Vashnia
 44188 | Snake:3  | Killed Vashnia
 44452 | Snake:3  | Reached XP level 19. HP: 99/174 MP: 22/22
 44491 | Snake:3  | Reached skill level 18 in Bows
 45518 | Snake:4  | Entered Level 4 of the Snake Pit
 45579 | Snake:4  | Received a gift from Trog
 45913 | Snake:4  | Noticed Saint Roka
 45994 | Snake:4  | Killed Saint Roka
 46879 | Snake:4  | Received a gift from Trog
 47506 | Snake:4  | Noticed Mara
 47538 | Snake:4  | Noticed DeepDeath's illusion
 47669 | Snake:4  | Noticed DeepDeath's illusion
 47671 | Snake:4  | Killed Mara
 47889 | Snake:4  | Got a serpentine rune of Zot
 48349 | Snake:2  | Killed zeroc00l's ghost
 48589 | Snake:2  | HP: 6/177 [nagaraja/+0 spear (12)]
 48615 | Snake:2  | HP: 1/265 [nagaraja/+0 spear (15)]
 48615 | Snake:2  | Killed from afar by a naga mage

Illustrated notes

Levels and vault maps discovered:
D:1:      dpeg_arrival_court, layout_basic
D:2:      cheibrodos_fertilizer, layout_basic, gammafunk_temple_overflow_statue
D:3:      layout_basic, gammafunk_ghost_mausoleum
D:4:      layout_basic, first_ration, lemuel_another_geyser
D:5:      layout_loops_ring, minmay_temple_entry_statues_pillars, serial_shops,
          shop, gammafunk_ghost_mausoleum
D:6:      layout_rooms
D:7:      layout_rooms, uniq_crazy_yiuf_cottage, uniq_pikel, uniq_joseph,
          uniq_harold
D:8:      layout_loops_ring, nicolae_overflow_hidden_temple, erik_lair_island,
          roderic_roman_lattice, uniq_grum
D:9:      layout_cave_pools, david_orc_4, grunt_ogre_cave,
          minmay_fractal_squares_diagonal_5, uniq_erica
D:10:     layout_grid_maze, corexii_checkpoint_a, nicolae_water_bricks,
          lightli_minifort
D:11:     layout_loops_ring, grunt_dithmenos_shadows
D:12:     layout_rooms, grunt_decor_one_mirror, uniq_urug, uniq_frances
D:13:     layout_irregular_city, grunt_vaults_entry_fortified,
          gauntlet_entry_generic, serial_shops, freezing_bzr, shop,
          ebering_ghost_reflecting_pool, uniq_kirke
D:14:     layout_loops_ring, nicolae_ru_awakened_eye, drop_trap
D:15:     grunt_enter_depths_giant_problem, layout_rooms,
          roderic_serpentine_path, basic_altar
Temple:   nicolae_temple_no_exploring_needed
Lair:1:   layout_roguey, minmay_lair_oklob_chamber, uniq_nergalle
Lair:2:   beast_lair_carwin_large_1, layout_layer_cave, serial_forest,
          infiniplex_forest_clump_tiny, infiniplex_forest_end_1,
          infiniplex_forest_lined_corner, infiniplex_forest_lined_ring,
          infiniplex_forest_clump_curved, infiniplex_forest_straight_2,
          infiniplex_forest_split, infiniplex_staircase_pool_2
Lair:3:   layout_long_grid, palyth_hydra_swamp_entry,
          cheibrodos_lair_caveside_slide, infiniplex_staircase_pool
Lair:4:   layout_small_grid, dummy_snake_entry
Lair:5:   layout_hall_layers, slime_altar_1
Lair:6:   cheibrodos_lair_end_hotspot, layout_misc_corridors,
          gammafunk_ghost_arena, eino_house_with_fridge, uniq_josephine
Swamp:1:  layout_basic_swamp, serial_swamp_ruin, evilmike_swamp_ruin_house_5,
          hangedman_swamp_ruin_wall, evilmike_swamp_ruin_rubble_1
Swamp:2:  layout_falls_marsh, nicolae_swamp_godswood
Swamp:3:  cheibrodos_swamp_tower_of_moss, layout_basic_swamp,
          nicolae_swamp_round_clearing
Swamp:4:  swamp_vile, layout_basic_swamp, swamp_pool3
Snake:1:  layout_basic, evilmike_ambush [evilmike_ambush_outer_basic,
          evilmike_ambush_inner_pond]
Snake:2:  gammafunk_sealed_library, layout_gridlike, serial_shops,
          nicolae_shop_statue_plus, ebering_ghost_inner_flame, st_stairs_14,
          minmay_shop_star
Snake:3:  onia_ninara_swampy_vault, layout_cave_town, basic_altar,
          serial_bayou_shore_b, uniq_vashnia, uniq_aizul
Snake:4:  minmay_snake_end_coiled, layout_layer_cave, nicolae_snake_single_loop,
          drop_trap, uniq_saint_roka, uniq_mara
Orc:1:    layout_caves, enter_bailey_7
Orc:2:    st_orc_elflike, layout_caves, nicolae_volcano_entry_vermiform

Skill      XL: |  1  2  3  4  5  6  7  8  9 10 11 12 13 14 15 16 17 18 19 |
---------------+----------------------------------------------------------+-----
Polearms       | 3 4 5 6 7 8 9 10 12 13 14 15 17 | 17.2
Throwing       | 1 3 4 5 6 |  6.0
Bows           | 2 3 5 6 8 10 14 16 17 18 | 18.6
Evocations     | 1 2 3 4 |  4.0
Armour         | 3 4 5 6 8 10 11 12 | 12.0
Dodging        | 3 4 5 6 7 8 9 10 | 10.0
Fighting       | 4 5 7 11 14 15 16 17 | 17.2
Stealth        | 1 2 |  2.0
Staves         | 1 4 5 |  5.3
Axes           | 2 6 7 8 |  8.0

Action                   |  1- 3 |  4- 6 |  7- 9 | 10-12 | 13-15 | 16-18 | 19-21 || total
-------------------------+-------+-------+-------+-------+-------+-------+-------++-------
Melee: Spear             |    61 |   143 |   234 |   911 |  1069 |    58 |       ||  2476
       Kick              |    12 |    28 |    44 |   266 |   403 |   347 |    43 ||  1143
       Hand axe          |       |       |       |       |    29 |    80 |       ||   109
       Halberd           |       |       |       |       |   169 |   428 |     5 ||   602
       Glaive            |       |       |       |       |       |   361 |    74 ||   435
       War axe           |       |       |       |       |       |       |    15 ||    15
 Fire: Shortbow          |       |       |       |       |   231 |       |       ||   231
       Longbow           |       |       |       |       |   523 |   304 |   260 ||  1087
Throw: Stone             |       |     7 |       |       |       |       |       ||     7
       Dart              |       |       |    19 |    36 |    22 |       |       ||    77
       Boomerang         |       |       |       |     8 |    32 |    13 |       ||    53
       Throwing net      |       |       |       |     3 |       |       |       ||     3
Invok: Trog's Hand       |       |     4 |     6 |    15 |    27 |    19 |     6 ||    77
       Berserk           |       |     2 |     3 |       |     6 |     2 |     1 ||    14
       Brothers in Arms  |       |       |       |       |     1 |     5 |     4 ||    10
 Abil: Evoke Flight      |       |       |       |       |     2 |     1 |       ||     3
Evoke: Wand              |       |       |     7 |     3 |     9 |     6 |     1 ||    26
       Lightning rod     |       |       |       |     3 |     9 |       |       ||    12
  Use: Scroll            |     3 |     4 |     9 |     9 |    23 |    16 |     1 ||    65
       Potion            |       |     1 |     2 |     1 |     9 |    13 |     4 ||    30
 Stab: Distracted        |       |       |       |       |     2 |     3 |       ||     5
       Confused          |       |       |       |       |     7 |     1 |       ||     8
       Sleeping          |       |       |       |       |     6 |       |       ||     6
  Eat: Chunk             |       |     5 |     9 |    21 |    35 |    16 |       ||    86
       Ration            |       |     1 |     1 |     2 |     9 |     8 |     3 ||    24
Armor: Animal skin       |     4 |    16 |       |       |       |       |       ||    20
       Leather armour    |       |     6 |    25 |       |    95 |    24 |       ||   150
       Ring mail         |       |       |     4 |    57 |    70 |       |       ||   131
       Troll leather arm |       |       |       |    59 |       |       |       ||    59
       Skin              |       |       |       |       |    17 |       |       ||    17
       Chain mail        |       |       |       |       |    26 |       |       ||    26
       Scale mail        |       |       |       |       |       |   405 |    42 ||   447
Dodge: Dodged            |    12 |    30 |    59 |   163 |   356 |   484 |    65 ||  1169
Block: Other             |       |       |       |    64 |   129 |    15 |       ||   208
       Reflection        |       |       |       |     2 |    18 |       |       ||    20
